 Dungeon Crawl Stone Soup version 0.24-a0-269-g32ec7ca (webtiles) character file.

Game seed: 1128443045752467762

721 Gunnerkreig the Sneak (level 7, -3/45 HPs)
             Began as an Octopode Wizard on Apr 22, 2019.
             Shot with an arrow by a centaur (15 damage)
             ... on level 5 of the Dungeon.
             The game lasted 00:11:24 (5403 turns).

Gunnerkreig the Sneak (Octopode Wizard)             Turns: 5403, Time: 00:11:25

Health: -3/45      AC:  2    Str:  7    XL:     7   Next: 71%
Magic:  10/13      EV: 13    Int: 21    God:
Gold:   324        SH:  0    Dex: 11    Spells: 4/15 levels left

rFire    . . .     SeeInvis .   p - +0 falchion
rCold    . . .     Gourm    .   (no shield)
rNeg     . . .     Faith    .   a - +1 hat
rPois    +         Spirit   .   (no amulet)
rElec    .         Reflect  .   x - ring of poison resistance
rCorr    .         Harm     .   (no ring)
MR       .....                  (no ring)
Stlth    ++++......             (no ring)
HPRegen  0.15/turn              (no ring)
MPRegen  0.13/turn              (no ring)
                                (no ring)
                                (no ring)

@: no status effects
A: almost no armour, stealthy swim, amphibious, 8 rings, constrict 8, camouflage
1, gelatinous body 1
a: no special abilities


You were on level 5 of the Dungeon.
You were hungry.

You visited 1 branch of the dungeon, and saw 5 of its levels.
You also visited: Sewer.

You collected 324 gold pieces.

Inventory:

Hand Weapons
 h - a +0 short sword
 n - a +0 hunting sling
 p - a +0 falchion (weapon)
 v - a +0 trident
Missiles
 d - 33 sling bullets
 g - 137 stones (quivered)
Armour
 a - a +1 hat (worn)
 r - a +0 buckler
Jewellery
 x - a ring of poison resistance (left tentacle)
Scrolls
 e - a scroll of identify
 j - 4 scrolls of teleportation
 s - 2 scrolls of remove curse
Potions
 b - a potion of heal wounds
 f - a potion of berserk rage
 i - 4 potions of might
 k - 2 potions of resistance
 l - a potion of curing
 m - a potion of lignification {unknown}
 t - 5 potions of flight
 w - a potion of cancellation
Comestibles
 c - 7 rations


   Skills:
 - Level 2.0 Fighting
 - Level 2.0 Dodging
 - Level 5.0 Stealth
 + Level 1.7 Shields
 + Level 4.5 Spellcasting
 + Level 3.6 Conjurations
 - Level 2.0 Summonings
 - Level 2.0 Translocations
 + Level 1.7 Fire Magic
 + Level 1.6 Air Magic
 + Level 2.3 Poison Magic


You had 4 spell levels left.
You knew the following spells:

 Your Spells              Type           Power        Failure   Level  Hunger
a - Magic Dart            Conj           ###.         2%          1    None
b - Conjure Flame         Conj/Fire      ###.....     12%         3    ##.....
c - Mephitic Cloud        Conj/Pois/Air  ###.....     12%         3    ##.....
w - Call Imp              Summ           ##......     8%          2    #......
y - Blink                 Tloc           N/A          8%          2    #......

Your spell library contained the following spells:

 Spells                   Type           Power        Failure   Level  Hunger
 Slow                     Hex            #.......     17%         2    #......


Dungeon Overview and Level Annotations

Branches:
Dungeon (5/15)
 Temple: D:4-7

Altars:


Innate Abilities, Weirdness & Mutations

You cannot wear most types of armour.
You are very stealthy in the water. (Stealth+)
You are amphibious.
You can wear up to eight rings at the same time.
You can use your tentacles to constrict eight enemies at once.
Your skin changes colour to match your surroundings (Stealth+).
Your rubbery body absorbs attacks. (AC +1, EV +1)


Message History

HP restored.
g - 117 stones (gained 16)
m - a pink potion
g - 137 stones (gained 20)
A centaur comes into view.
The centaur wields a +2 shortbow of freezing.
It is covered in frost.
The centaur shoots an arrow.
The arrow hits you! The arrow freezes you.
Found 14 gold pieces.
The centaur shoots an arrow.
The arrow hits you! The arrow freezes you.
* * * LOW HITPOINT WARNING * * *
You see here an arrow.
Casting: Magic Dart (safe; 2% risk of failure)
Confirm with . or Enter, or press ? or * to list all spells.
Aiming: Mephitic Cloud (safe; 12% risk of failure)
Press: ? - help, Shift-Dir - straight line The ball explodes into a vile cloud!
The stinking cloud engulfs the centaur but does no damage.
The centaur shoots an arrow.
The arrow hits you!
You die...

#<....#
#######....#.....#
#......#####.....# #
#......# #c....#
#.#......#####§○...#
#........##$.☼.☼...#
#........##........##
#........##.........#
#........### #@#
#...###.....# #.#
#... ######.###.# #..
.....#...#.# #.
#.......# #.......#
#......## #......#
#......#


You could see a centaur.

Vanquished Creatures
  An orc warrior (D:4)
  An ogre (D:4)
  A scorpion (D:4)
  A bullfrog skeleton (D:5)
  6 orc wizards (D:4)
  2 merfolk sirens (Sewer)
  2 worker ants (D:4)
  A merfolk avatar (Sewer)
  A gnoll (D:1)
  5 adders
  3 river rats
  An adder skeleton (D:4)
  A worm (D:4)
  2 dart slugs
  2 leopard geckos
  5 orcs (D:4)
  4 ball pythons
  9 giant cockroaches
  11 goblins
  10 hobgoblins
  7 jackals
  7 kobolds
  4 bats
  7 frilled lizards
  A jackal skeleton (D:4)
  30 rats
125 creatures vanquished.

Notes
Turn   | Place    | Note
-------+----------+-------------------------------------------
     0 | D:1      | Gunnerkreig the Octopode Wizard began the quest for the
                  | Orb.
     0 | D:1      | Reached XP level 1. HP: 11/11 MP: 4/4
   105 | D:1      | Reached skill level 3 in Stealth
   105 | D:1      | Reached XP level 2. HP: 5/18 MP: 0/6
   772 | D:1      | Reached skill level 1 in Fighting
   800 | D:1      | Reached XP level 3. HP: 21/23 MP: 7/7
   970 | D:1      | Learned a level 3 spell: Conjure Flame
   974 | D:1      | Learned a level 3 spell: Mephitic Cloud
  1726 | D:2      | Found a faded altar of an unknown god.
  1916 | D:2      | Reached XP level 4. HP: 19/28 MP: 9/9
  2247 | D:3      | Reached skill level 4 in Stealth
  2868 | D:4      | Found a glowing drain.
  3033 | Sewer    | Entered a sewer
  3103 | Sewer    | Reached XP level 5. HP: 34/34 MP: 7/10
  3238 | Sewer    | Learned a level 2 spell: Blink
  3241 | Sewer    | Learned a level 2 spell: Call Imp
  3526 | Sewer    | Reached skill level 5 in Stealth
  3554 | Sewer    | Noticed a malarious merfolk avatar
  3577 | Sewer    | Killed a malarious merfolk avatar
  3577 | Sewer    | Reached XP level 6. HP: 38/39 MP: 9/12
  3817 | D:4      | Reached skill level 1 in Poison Magic
  4339 | D:4      | Reached skill level 1 in Air Magic
  4400 | D:4      | Noticed an orc warrior
  4420 | D:4      | Reached skill level 1 in Shields
  4420 | D:4      | Reached skill level 1 in Fire Magic
  4420 | D:4      | Reached XP level 7. HP: 26/45 MP: 10/13
  5147 | D:5      | Entered Level 5 of the Dungeon
  5403 | D:5      | Shot with an arrow by a centaur

Levels and vault maps discovered:
D:1:      sevenhm_arrival_forest_fort_large_4, layout_loops_corners,
          minmay_misc_feat_cross
D:2:      layout_loops_cross, chequers_ecumenical_altar_simple_redux,
          eino_tiny_chamber
D:3:      layout_rooms
D:4:      layout_loops_ring, portal_sewer_entry_a
D:5:      layout_basic, first_ration
Sewer:    sewer_sea

Skill      XL: |  1  2  3  4  5  6  7 |
---------------+----------------------+-----
Stealth        | 3 4 5 |  5.0
Fighting       | 1 2 |  2.0
Conjurations   | 2 3 |  3.6
Spellcasting   | 4 |  4.5
Poison Magic   | 1 2 |  2.3
Air Magic      | 1 |  1.6
Shields        | 1 |  1.7
Fire Magic     | 1 |  1.7
Summonings     | 2 |  2.0
Translocations | 2 |  2.0
Dodging        | |  2.0

Action                   |  1- 3 |  4- 6 |  7- 9 || total
-------------------------+-------+-------+-------++-------
Melee: Unarmed           |     4 |       |       ||     4
       Constrict         |    19 |    22 |     9 ||    50
       Short sword       |    66 |     1 |       ||    67
       Tentacles         |     9 |    12 |     7 ||    28
       Falchion          |       |    76 |    29 ||   105
Throw: Stone             |       |     3 |     5 ||     8
 Cast: Magic Dart        |    34 |   113 |    44 ||   191
       Mephitic Cloud    |       |     3 |     3 ||     6
       Conjure Flame     |       |     4 |     3 ||     7
  Use: Scroll            |       |     9 |     8 ||    17
       Potion            |       |       |     2 ||     2
 Stab: Sleeping          |    11 |    12 |       ||    23
       Confused          |       |       |     1 ||     1
  Eat: Chunk             |     3 |     7 |     4 ||    14
Armor: Skin              |     5 |     5 |       ||    10
Dodge: Dodged            |    36 |    46 |    21 ||   103
       Rpst.: Falchion   |       |    12 |     4 ||    16

Table legend:
 A = Non-vault XP
 B = Vault XP
 C = Vault XP percentage of total XP
 D = Non-vault monster count
 E = Vault monster count
 F = Vault count percentage of total count
                 A         B        C        D         E       F
            +---------+---------+-------+---------+---------+-------
      Total |     834 |     197 |  19.1 |      81 |      44 |  35.2
            +---------+---------+-------+---------+---------+-------
        D:1 |      43 |       0 |   0.0 |      17 |       0 |   0.0
        D:2 |      40 |       0 |   0.0 |      23 |       0 |   0.0
        D:3 |      55 |       0 |   0.0 |      16 |       0 |   0.0
        D:4 |     657 |      18 |   2.7 |      24 |       5 |  17.2
        D:5 |      39 |       0 |   0.0 |       1 |       0 |   0.0
      Sewer |       0 |     179 | 100.0 |       0 |      39 | 100.0
            +---------+---------+-------+---------+---------+-------
